[Event "Titled Tuesday Blitz June 13 Late 2023"]
[White "Perez, Maximiliano"]
[Black "Carrasco Miranda, Andres"]
[WhiteFideId "117234"]
[BlackFideId "3405990"]
[WhiteElo "2334"]
[BlackElo "2183"]
[Result "1-0"]
[Round "4"]
[TimeControl "180+2"]
[Date "2023.06.13"]
[WhiteClock "0:00:50"]
[BlackClock "0:00:00"]
[Board "98"]

1. e4 e5 2. Nf3 Nc6 3. Bc4 Bc5 4. O-O Nf6 5. d3 d6 6. c3 a5 7. Re1 Ba7 8. Nbd2 Ng4 9. Re2 O-O 10. h3 Nh6 11. Nf1 Kh8 12. Bg5 f6 13. Bxh6 gxh6 14. Nh4 f5 15. Nxf5 Bxf5 16. exf5 Rxf5 17. Ng3 Rg5 18. Ne4 Rg6 19. Bd5 Qh4 20. Kf1 Rf8 21. Qd2 Ne7 22. Bxb7 d5 23. d4 dxe4 24. Bxe4 Rgf6 25. Ke1 exd4 26. cxd4 Re6 27. Rc1 Rxe4 28. Rxc7 Bxd4 29. g3 Qxh3 30. Kd1 Qf1+ 31. Re1 Rxe1+ 32. Qxe1 Qxe1+ 33. Kxe1 Bxf2+ 34. Ke2 Nd5 35. Rd7 Nb6 36. Rb7 Nc4 37. g4 Ne5 38. Rb5 Nxg4 39. Rxa5 Bd4 40. b4 Bc3 41. a3 Nf6 42. Rf5 h5 43. b5 Ba5 44. Kd3 h4 45. Rf4 h3 46. Rh4 Rd8+ 47. Kc4 Nd5 48. Rxh3 Nb6+ 49. Kc5 Rc8+ 50. Kd6 Rc4 51. Rb3 h5 52. Rh3 h4 53. Ke5 Kh7 54. Kf5 Kh6 55. Rd3 Kh5 56. Rd8 Rc5+ 57. Ke4 Kg4 58. a4 h3 59. Rg8+ Kh4 60. Kf3 1-0


[Site "https://www.chess.com"]

[Event "Titled Tuesday Blitz June 13 Late 2023"]
[White "Piesik, Piotr"]
[Black "Zenin, Dmitry"]
[WhiteFideId "1136194"]
[BlackFideId "4127897"]
[WhiteElo "2303"]
[BlackElo "2215"]
[Result "1-0"]
[Round "4"]
[TimeControl "180+2"]
[Date "2023.06.13"]
[WhiteClock "0:01:00"]
[BlackClock "0:00:00"]
[Board "99"]

1. Nf3 Nf6 2. g3 g6 3. Bg2 Bg7 4. O-O O-O 5. d4 d6 6. Nbd2 Nbd7 7. e4 e5 8. dxe5 dxe5 9. Qe2 b6 10. b3 a5 11. Rd1 Ba6 12. Nc4 Qe7 13. a4 Nc5 14. Ba3 Rfd8 15. Nfd2 Bf8 16. Qe1 Qe6 17. Ne3 h5 18. Nd5 Rac8 19. Bb2 Bg7 20. Nxf6+ Bxf6 21. Bf1 Bxf1 22. Kxf1 Qh3+ 23. Kg1 h4 24. Qf1 Qe6 25. f3 hxg3 26. hxg3 Kg7 27. Nc4 Rh8 28. Ne3 Rh3 29. Qg2 Rch8 30. Ng4 1-0


[Site "https://www.chess.com"]

[Event "Titled Tuesday Blitz June 13 Late 2023"]
[White "Fantinel, Thibault"]
[Black "arenal72"]
[WhiteFideId "663395"]
[WhiteElo "2316"]
[BlackElo "2373"]
[Result "1-0"]
[Round "4"]
[TimeControl "180+2"]
[Date "2023.06.13"]
[WhiteClock "0:00:06"]
[BlackClock "0:00:00"]
[Board "100"]

1. e3 d5 2. c4 e6 3. Nf3 dxc4 4. Bxc4 a6 5. O-O b5 6. Bb3 Nf6 7. Qe2 Bb7 8. a4 b4 9. d3 c5 10. Nbd2 Nbd7 11. Nc4 Be7 12. e4 O-O 13. a5 Qc7 14. Bg5 Rfd8 15. Rfd1 Bc6 16. Bh4 Bb5 17. Bg3 Qb7 18. h3 Rac8 19. Rac1 h6 20. Qe3 Nb8 21. Nb6 Rc6 22. Ne5 Rcd6 23. Nxf7 Kxf7 24. Bxd6 Bxd6 25. e5 Nc6 26. exf6 Nd4 27. Bc4 Bf4 28. Qe1 Bxc1 29. Rxc1 Bxc4 30. Nxc4 gxf6 31. Ne3 Rg8 32. Kh1 Qc7 33. Qxb4 Rb8 34. Qxd4 cxd4 35. Rxc7+ Kg6 36. Nc4 Rb3 37. Rc6 Rxd3 38. Rxe6 Rd1+ 39. Kh2 d3 40. Rd6 Kf5 41. Ne3+ 1-0


[Site "https://www.chess.com"]

[Event "Titled Tuesday Blitz June 13 Late 2023"]
[White "Kim, Sergey"]
[Black "Seresin, Francesco"]
[WhiteFideId "13700570"]
[BlackFideId "886335"]
[WhiteElo "2552"]
[BlackElo "2219"]
[Result "0-1"]
[Round "4"]
[TimeControl "180+2"]
[Date "2023.06.13"]
[WhiteClock "0:00:27"]
[BlackClock "0:00:37"]
[Board "101"]

1. d4 d5 2. c4 e6 3. Nc3 Nf6 4. Nf3 a6 5. e3 Nbd7 6. Bd3 dxc4 7. Bxc4 b5 8. Bb3 c5 9. O-O Bb7 10. Qe2 Be7 11. Rd1 Qb6 12. a4 c4 13. a5 Qc7 14. Bc2 O-O 15. e4 e5 16. Bg5 h6 17. Bh4 Rfe8 18. Bg3 Bd6 19. d5 Nh5 20. Nh4 Nxg3 21. hxg3 Nc5 22. Nf5 Bc8 23. Qf3 Bxf5 24. Qxf5 Qd7 25. Qf3 Qe7 26. Qe2 Nb7 27. Rf1 Bb4 28. f4 Bxa5 29. Qh5 Bb6+ 30. Kh2 Nd6 31. Rae1 Bd4 32. Rf3 a5 33. Ref1 f6 34. Nd1 a4 35. Ne3 Bxe3 36. Rxe3 b4 37. Bd1 a3 38. bxa3 Rxa3 39. Bg4 Rxe3 40. Be6+ Kh8 41. fxe5 fxe5 42. Qxe5 Rxe4 43. Qh5 Rxe6 44. dxe6 Qxe6 45. Rd1 Qe5 46. Qg6 Ne4 47. Rd7 Qxg3+ 48. Qxg3 Nxg3 49. Kxg3 c3 50. Rc7 Rb8 0-1


[Site "https://www.chess.com"]

[Event "Titled Tuesday Blitz June 13 Late 2023"]
[White "Camilla_Lee"]
[Black "Burdalev, Kirill"]
[BlackFideId "14121913"]
[WhiteElo "2549"]
[BlackElo "2236"]
[Result "1-0"]
[Round "4"]
[TimeControl "180+2"]
[Date "2023.06.13"]
[WhiteClock "0:00:03"]
[BlackClock "0:00:00"]
[Board "102"]

1. e4 e6 2. d4 d5 3. Nc3 Nc6 4. Nf3 Nf6 5. Bg5 Be7 6. e5 Ne4 7. Bxe7 Qxe7 8. a3 Bd7 9. Bd3 Nxc3 10. bxc3 f6 11. Qe2 O-O-O 12. Rb1 Kb8 13. O-O Be8 14. exf6 gxf6 15. Rfe1 Rd6 16. c4 dxc4 17. Bxc4 Nxd4 18. Nxd4 Rxd4 19. Bxe6 Bc6 20. Bf5 Qc5 21. Bd3 Rg8 22. g3 Rdg4 23. Qe3 Qd5 24. f3 a5 25. Bxh7 R8g7 26. Be4 Rxe4 27. Qxe4 Qc5+ 28. Qe3 Qxc2 29. Rec1 Qa2 30. Qf2 Qd5 31. Rd1 Qxf3 32. Qxf3 Bxf3 33. Rf1 Be4 34. Rbe1 f5 35. Rf2 a4 36. Rd2 b5 37. Kf2 Kb7 38. Ke3 Kb6 39. Kf4 c5 40. Rd6+ Ka5 41. Rc1 Rc7 42. Ke5 b4 43. axb4+ Kxb4 44. Rcd1 a3 45. Rb6+ Ka5 46. Rb8 c4 47. Kd4 c3 48. Ra1 1-0


[Site "https://www.chess.com"]

[Event "Titled Tuesday Blitz June 13 Late 2023"]
[White "Sala, Giulia"]
[Black "Pinheiro, Iung Alicio de O."]
[WhiteFideId "2840451"]
[BlackFideId "2104350"]
[WhiteElo "1769"]
[BlackElo "2283"]
[Result "0-1"]
[Round "4"]
[TimeControl "180+2"]
[Date "2023.06.13"]
[WhiteClock "0:00:21"]
[BlackClock "0:00:23"]
[Board "103"]

1. d4 Nf6 2. Bf4 e6 3. e3 d5 4. Nf3 Bd6 5. Bg3 c5 6. Nbd2 O-O 7. c3 Qc7 8. Ne5 b6 9. Bd3 Ba6 10. Bxa6 Nxa6 11. Qe2 Nb8 12. f4 Nc6 13. O-O Nd7 14. Qg4 Rae8 15. Rae1 f6 16. Nxc6 Qxc6 17. e4 dxe4 18. f5 exf5 19. Qxf5 Bxg3 20. hxg3 g6 21. d5 Qc7 22. Qf4 Qxf4 23. gxf4 f5 24. c4 Nf6 25. a4 h6 26. a5 b5 27. cxb5 Rb8 28. Nc4 Rxb5 29. d6 Rd8 30. Rc1 Ng4 31. Rfd1 Kf7 32. a6 Ke6 33. Rd2 g5 34. fxg5 hxg5 35. Rcd1 e3 36. Rd3 f4 37. Kf1 Nf2 38. Ke2 Nxd1 39. Rxd1 Rb4 40. Kd3 Rxd6+ 41. Nxd6 Rd4+ 42. Ke2 Rxd1 43. Kxd1 Kxd6 44. Ke2 Kd5 45. Kf3 Kd4 46. g3 Kd3 47. gxf4 gxf4 48. Kxf4 e2 49. Ke5 e1=Q+ 50. Kd6 Qb4 51. Kc6 Qxb2 52. Kxc5 Qb6+ 53. Kd5 Qxa6 54. Kc5 Qb6+ 55. Kd5 Qb5+ 0-1


[Site "https://www.chess.com"]

[Event "Titled Tuesday Blitz June 13 Late 2023"]
[White "Deng, Henry"]
[Black "Molenda, Marcin"]
[WhiteFideId "30965454"]
[BlackFideId "1173065"]
[WhiteElo "2546"]
[BlackElo "2286"]
[Result "1-0"]
[Round "4"]
[TimeControl "180+2"]
[Date "2023.06.13"]
[WhiteClock "0:02:17"]
[BlackClock "0:01:37"]
[Board "104"]

1. e4 c5 2. Nc3 e6 3. Nge2 Ne7 4. d4 b6 5. Be3 d6 6. g3 Bb7 7. Bg2 Nd7 8. O-O a6 9. f4 Qc7 10. d5 exd5 11. Nxd5 Nxd5 12. exd5 Be7 13. c4 O-O 14. Bd2 Bf6 15. Bc3 Bxc3 16. Nxc3 Nf6 17. g4 Bc8 18. g5 Bg4 19. Qd3 Nh5 20. f5 Rfe8 21. h3 b5 22. hxg4 bxc4 23. Qh3 1-0


[Site "https://www.chess.com"]

[Event "Titled Tuesday Blitz June 13 Late 2023"]
[White "Aung Thant Zin"]
[Black "Janaszak, Dawid"]
[WhiteFideId "13000063"]
[BlackFideId "1119206"]
[WhiteElo "2278"]
[BlackElo "2220"]
[Result "0-1"]
[Round "4"]
[TimeControl "180+2"]
[Date "2023.06.13"]
[WhiteClock "0:00:01"]
[BlackClock "0:00:35"]
[Board "105"]

1. e4 c5 2. Nf3 Nc6 3. Bb5 e5 4. c3 Nge7 5. O-O g6 6. d4 cxd4 7. cxd4 exd4 8. Nxd4 Bg7 9. Be3 O-O 10. Nc3 d5 11. exd5 Nb4 12. Nde2 Nbxd5 13. Nxd5 Qxd5 14. Qxd5 Nxd5 15. Bc5 Rd8 16. Rad1 Bg4 17. f3 Bd7 18. Bxd7 Rxd7 19. b4 b6 20. Bf2 Rad8 21. b5 Nf4 22. Rde1 Nd3 23. Rb1 Re8 24. g3 Rxe2 0-1


[Site "https://www.chess.com"]

[Event "Titled Tuesday Blitz June 13 Late 2023"]
[White "Kornyukov, Alexey"]
[Black "angelgab3"]
[WhiteFideId "4150457"]
[WhiteElo "2352"]
[BlackElo "2530"]
[Result "1-0"]
[Round "4"]
[TimeControl "180+2"]
[Date "2023.06.13"]
[WhiteClock "0:01:19"]
[BlackClock "0:01:35"]
[Board "106"]

1. d4 Nf6 2. c4 e6 3. Nc3 d5 4. cxd5 exd5 5. Bg5 c6 6. e3 h6 7. Bf4 Bd6 8. Bxd6 Qxd6 9. Bd3 O-O 10. Nf3 Re8 11. h3 Ne4 12. Qc2 Bf5 13. O-O-O Nd7 14. g4 Bg6 15. Nh4 Nxc3 16. Qxc3 Bxd3 17. Qxd3 Nf6 18. Nf5 Qd7 19. Rhg1 Ne4 20. Rdf1 c5 21. dxc5 Rac8 22. Kb1 Nxc5 23. Qd4 Ne6 24. Qd3 Rc4 25. Rd1 Rec8 26. Qxd5 Rc1+ 27. Rxc1 Rxc1+ 28. Rxc1 Qxd5 29. Ne7+ 1-0


[Site "https://www.chess.com"]

[Event "Titled Tuesday Blitz June 13 Late 2023"]
[White "Urbina Perez, Juan Antonio"]
[Black "Torres Dominguez, David"]
[WhiteFideId "2217368"]
[BlackFideId "2220857"]
[WhiteElo "2197"]
[BlackElo "1999"]
[Result "1-0"]
[Round "4"]
[TimeControl "180+2"]
[Date "2023.06.13"]
[WhiteClock "0:00:02"]
[BlackClock "0:00:00"]
[Board "107"]

1. d4 e5 2. dxe5 d6 3. exd6 Bxd6 4. Nf3 Bg4 5. h3 Bh5 6. e3 Nc6 7. Be2 Qe7 8. c4 O-O-O 9. Qa4 Kb8 10. Nc3 Nf6 11. O-O g5 12. Nb5 g4 13. Nfd4 Bc5 14. hxg4 Bxg4 15. Nxc6+ bxc6 16. Nd4 Rd6 17. Nxc6+ Rxc6 18. Qxc6 Bxe2 19. Re1 Bg4 20. b4 Bd6 21. Bb2 Bd7 22. Qa6 Bc8 23. Qb5+ Ka8 24. Bd4 a6 25. Qa4 Rg8 26. f3 Nd7 27. b5 Qg5 28. g4 h5 29. bxa6 Ne5 30. Kf2 hxg4 31. f4 g3+ 32. Ke2 Qg4+ 33. Kd2 Nf3+ 34. Kc3 Nxd4 35. Kxd4 Bd7 36. Qa5 Qg7+ 37. Kd3 Rd8 38. Ke2 1-0


[Site "https://www.chess.com"]

[Event "Titled Tuesday Blitz June 13 Late 2023"]
[White "Bernado Lopez, Roger"]
[Black "DampFalcon"]
[WhiteFideId "24585009"]
[WhiteElo "2097"]
[BlackElo "2056"]
[Result "1/2-1/2"]
[Round "4"]
[TimeControl "180+2"]
[Date "2023.06.13"]
[WhiteClock "0:00:14"]
[BlackClock "0:00:21"]
[Board "108"]

1. e4 c5 2. Nf3 Nc6 3. d4 cxd4 4. Nxd4 g6 5. c4 Nf6 6. Nc3 d6 7. Be2 Nxd4 8. Qxd4 Bg7 9. Be3 O-O 10. Qd3 Qa5 11. O-O Be6 12. b3 Rfc8 13. Rfc1 a6 14. a4 Nd7 15. Rab1 Nc5 16. Bxc5 dxc5 17. Nd5 Kf8 18. Qg3 Bxd5 19. exd5 Qc7 20. Qh3 Kg8 21. Bg4 Rd8 22. Re1 Bd4 23. Bf3 Rd6 24. g3 Rf6 25. Kg2 Re8 26. Re4 e5 27. dxe6 Rexe6 28. Rbe1 Rxe4 29. Rxe4 Kg7 30. Re8 Qb6 31. Qc8 Re6 32. Rg8+ Kf6 33. Qxb7 Qxb7 34. Bxb7 Rb6 35. Bc8 a5 36. Re8 Rxb3 37. Re2 Ra3 38. Bd7 Rc3 39. Bb5 Rc1 40. h4 Bc3 41. Re3 Bb4 42. Rd3 Re1 43. Rf3+ Kg7 44. Bc6 Re6 45. Bd5 Re7 46. h5 Rc7 47. h6+ Kxh6 48. Rxf7 Rxf7 49. Bxf7 Kg7 50. Bd5 h6 51. f3 Kf6 52. Kf2 g5 53. Ke3 Ke5 54. f4+ gxf4+ 55. gxf4+ Kf6 56. Be4 Bc3 57. Kf3 Bb4 58. Kg3 Kg7 59. Kg4 Kf6 60. f5 Kg7 61. Kh5 Bd2 62. Bd5 Kf6 63. Be6 Bg5 64. Kg4 Ke5 65. Kh5 Kf6 66. Bd7 Bd2 67. Kg4 Bc1 68. Kh5 Be3 69. Kg4 Bd2 70. Bc8 Bc1 71. Bb7 Kg7 72. Bc8 Bg5 73. Bd7 Kf6 74. Bc6 Ke7 75. Bd5 Kd6 76. Kh5 Ke5 77. Kg6 Bd8 78. Bc6 Bh4 79. Bb5 Bg5 80. Bd7 Bh4 81. Be6 Bg5 82. Kh5 Kf6 1/2-1/2


[Site "https://www.chess.com"]

[Event "Titled Tuesday Blitz June 13 Late 2023"]
[White "Mazibuko, Khanya"]
[Black "Mahdavi, Reza"]
[WhiteFideId "14321041"]
[BlackFideId "12595926"]
[WhiteElo "1873"]
[BlackElo "2395"]
[Result "0-1"]
[Round "4"]
[TimeControl "180+2"]
[Date "2023.06.13"]
[WhiteClock "0:00:00"]
[BlackClock "0:00:22"]
[Board "109"]

1. c4 e5 2. g3 c6 3. d4 e4 4. Nc3 d5 5. Bf4 Bb4 6. Qb3 Bxc3+ 7. bxc3 Nf6 8. Nh3 O-O 9. Bg2 Nbd7 10. O-O Nb6 11. cxd5 cxd5 12. a4 Nc4 13. Rfd1 h6 14. f3 exf3 15. exf3 Re8 16. Re1 g5 17. Be5 Nd7 18. f4 g4 19. Nf2 Nf8 20. Nd3 Bf5 21. Nb4 Be6 22. Nd3 b6 23. f5 Bxf5 24. Nf4 Be6 25. Re2 f6 26. Nxe6 Nxe6 0-1


[Site "https://www.chess.com"]

[Event "Titled Tuesday Blitz June 13 Late 2023"]
[White "Lin, Dachey"]
[Black "ArchibaldCerveza29"]
[WhiteFideId "2029650"]
[WhiteElo "2313"]
[BlackElo "2446"]
[Result "0-1"]
[Round "4"]
[TimeControl "180+2"]
[Date "2023.06.13"]
[WhiteClock "0:00:58"]
[BlackClock "0:00:17"]
[Board "110"]

1. g4 d5 2. Bg2 c6 3. g5 h6 4. h4 hxg5 5. hxg5 Rxh1 6. Bxh1 e5 7. d4 e4 8. f3 Qd6 9. Bg2 Qh2 10. Kf1 f5 11. c4 Be6 12. Nh3 Bd6 13. cxd5 cxd5 14. f4 Ne7 15. e3 Ng6 16. Kf2 Bf7 17. Qh5 Ke7 18. Qh7 Nd7 19. Nd2 Nxf4 20. exf4 e3+ 21. Kxe3 Qxg2 22. Nf3 Re8 23. Nf2 Kd8+ 24. Ne5 Nxe5 25. dxe5 Bc5+ 26. Kd3 Qxf2 27. Qxf5 Qd4+ 28. Kc2 Qc4+ 29. Kb1 Qe4+ 30. Qxe4 dxe4 31. Kc2 e3 32. b4 Bg6+ 33. Kc3 Bb6 34. a4 Ke7 35. Bb2 Rc8+ 36. Kb3 Bc2+ 37. Ka3 e2 38. Re1 Bd1 0-1


[Site "https://www.chess.com"]

[Event "Titled Tuesday Blitz June 13 Late 2023"]
[White "Tristan, Leonardo"]
[Black "Balla, Tamas-Kristof"]
[WhiteFideId "113816"]
[BlackFideId "1208497"]
[WhiteElo "2461"]
[BlackElo "2334"]
[Result "1-0"]
[Round "4"]
[TimeControl "180+2"]
[Date "2023.06.13"]
[WhiteClock "0:00:25"]
[BlackClock "0:00:04"]
[Board "111"]

1. d4 d5 2. Nf3 Nf6 3. Bf4 e6 4. e3 Bd6 5. Nbd2 O-O 6. c3 b6 7. h4 c5 8. Bxd6 Qxd6 9. h5 h6 10. Ne5 Ba6 11. Bxa6 Nxa6 12. g4 cxd4 13. exd4 Nd7 14. f4 Nxe5 15. fxe5 Qe7 16. Qe2 Nc7 17. Nf3 f6 18. O-O-O b5 19. exf6 Qxf6 20. Ne5 b4 21. cxb4 a5 22. b5 a4 23. Kb1 Qg5 24. b6 Na6 25. b7 Ra7 26. Nc6 Nb4 27. Nxa7 Qe7 28. Qb5 Rf2 29. b8=Q+ 1-0


[Site "https://www.chess.com"]

[Event "Titled Tuesday Blitz June 13 Late 2023"]
[White "Ashraf, Artin"]
[Black "Arnold, Ken"]
[WhiteFideId "22514805"]
[BlackFideId "2056836"]
[WhiteElo "2224"]
[BlackElo "2444"]
[Result "0-1"]
[Round "4"]
[TimeControl "180+2"]
[Date "2023.06.13"]
[WhiteClock "0:00:02"]
[BlackClock "0:00:18"]
[Board "112"]

1. d4 Nf6 2. Bg5 g6 3. Nd2 Bg7 4. e4 O-O 5. Ngf3 d5 6. Bxf6 exf6 7. exd5 Re8+ 8. Be2 Qe7 9. Kf1 Nd7 10. g3 Nb6 11. c4 Bh3+ 12. Ke1 c6 13. d6 Qe6 14. c5 Nc4 15. Nxc4 Qxc4 16. Rc1 Qd5 17. Kd2 Bg2 18. Rg1 Bh6+ 19. Kc2 Rxe2+ 20. Qxe2 Bxf3 21. Qe7 Be4+ 22. Kc3 Bxc1 23. Rxc1 Bf5 24. Re1 Be6 25. Qxf6 Qxa2 26. Kd2 Qxb2+ 27. Ke3 Qc3+ 28. Ke2 Bc4+ 29. Kd1 Qa1+ 30. Kd2 Qb2+ 31. Ke3 Qc3+ 32. Kf4 Qxe1 33. d7 Qe6 34. d8=Q+ Rxd8 35. Qxd8+ Kg7 0-1


[Site "https://www.chess.com"]

[Event "Titled Tuesday Blitz June 13 Late 2023"]
[White "Renjith, Sravan"]
[Black "Karas, Marek"]
[WhiteFideId "4306783"]
[BlackFideId "14928558"]
[WhiteElo "2104"]
[BlackElo "2229"]
[Result "0-1"]
[Round "4"]
[TimeControl "180+2"]
[Date "2023.06.13"]
[WhiteClock "0:00:01"]
[BlackClock "0:00:05"]
[Board "113"]

1. e4 f5 2. exf5 Nf6 3. d4 d5 4. Bd3 e6 5. fxe6 c5 6. Nf3 Bxe6 7. dxc5 Bxc5 8. O-O O-O 9. Re1 Bg4 10. h3 Bh5 11. Be2 Ne4 12. Be3 Bxe3 13. fxe3 Nc6 14. Nbd2 Ng3 15. Bd3 Qb6 16. Nf1 Bxf3 17. gxf3 Nxf1 18. Bxf1 Qxb2 19. Qxd5+ Kh8 20. Bd3 Rf6 21. Rab1 Qc3 22. f4 Rd8 23. Qe4 Rg6+ 24. Kh1 Rh6 25. Qg2 b6 26. Rg1 Qf6 27. Rb5 Ne7 28. Re5 Ng6 29. Rg5 Nh4 30. Qg3 g6 31. f5 Rg8 32. fxg6 Nxg6 33. Bxg6 Rhxg6 34. Rxg6 hxg6 35. Rg2 Rg7 36. Rf2 Qe7 37. Qf4 Kh7 38. Qg3 Qe4+ 39. Kh2 Re7 40. Rg2 Qe5 41. Re2 Qxg3+ 42. Kxg3 Re5 43. e4 Kg7 44. Kf4 Kf6 45. h4 Ra5 46. e5+ Ke6 47. Rg2 Ra4+ 48. Kg5 Kxe5 49. Re2+ Kd6 50. c3 Rc4 51. Rd2+ Ke6 52. Rd3 Kf7 53. Rf3+ Kg7 54. Rd3 Rc5+ 55. Kg4 Rc7 56. Kf4 Rc4+ 57. Kg5 Rc5+ 58. Kg4 Rc4+ 59. Kg3 Ra4 60. Rd2 Kh6 61. Kf3 Rxh4 62. Kg3 Ra4 63. Re2 Kg5 64. Kf3 Kf5 65. Rd2 Ra3 66. Rc2 Ke5 67. Ke3 Kd5 68. Kd3 g5 69. Rg2 Kc6 70. Kc4 Ra5 71. Rh2 Rc5+ 72. Kd4 Rf5 73. Rh7 Rf4+ 74. Kd3 Ra4 75. Rg7 g4 76. c4 Rxa2 77. Rxg4 Rf2 78. Rg5 a5 79. Kd4 Rf4+ 80. Kc3 Rh4 81. Rg6+ Kb7 82. Kb3 Ka6 83. Rf6 Rh3+ 84. Kc2 Kb7 85. Rg6 Rf3 86. Rh6 Kc7 87. Rg6 Rf5 88. Kc3 Rf7 89. Kb3 Rd7 90. Ka4 Rd6 91. Rg8 Kc6 92. Rc8+ Kb7 93. Rg8 Rc6 94. Rg4 Rc5 95. Kb3 Ka6 96. Rg6 Rc7 97. Rf6 Kb7 98. Rg6 Rc6 99. Rg7+ Ka6 100. Rg5 Rh6 101. Rf5 Rh3+ 102. Ka4 Rc3 103. Rf4 Kb7 104. Kb5 Rb3+ 105. Ka4 Rb4+ 106. Ka3 Kc6 107. Rf6+ Kc5 108. Rf8 Kxc4 109. Rc8+ Kb5 110. Rc1 Ra4+ 111. Kb3 Rb4+ 112. Ka3 Ka6 113. Rc6 Rb5 114. Rg6 Rc5 115. Rg8 Rc3+ 116. Kb2 Rh3 117. Ra8+ Kb5 118. Rg8 a4 119. Rg5+ Kb4 120. Rg4+ Ka5 121. Rg5+ b5 122. Rg7 Kb4 123. Rg4+ Ka5 124. Rg5 Rh2+ 125. Ka3 Rh4 126. Rf5 Rh3+ 127. Kb2 Rd3 128. Rg5 Rd4 129. Kc3 Rd6 130. Kb2 Kb6 131. Ka3 Rd3+ 132. Kb2 Kc6 133. Rh5 b4 134. Ra5 Rd2+ 135. Kc1 Ra2 136. Kb1 Ra3 137. Kb2 Kb6 138. Ra8 Rb3+ 139. Ka2 Ra3+ 140. Kb2 Kb7 141. Ra5 Kc6 142. Ra8 Rb3+ 143. Ka2 Kb5 144. Rb8+ Kc4 145. Ra8 Rh3 146. Kb2 Rh2+ 147. Kb1 Kb3 148. Kc1 Rh1+ 149. Kd2 a3 150. Rg8 Kb2 151. Rg3 b3 152. Rg4 Rh2+ 153. Ke3 a2 0-1


[Site "https://www.chess.com"]

[Event "Titled Tuesday Blitz June 13 Late 2023"]
[White "Kleiman, Jake"]
[Black "Garmendiarov"]
[WhiteFideId "2020041"]
[WhiteElo "2642"]
[BlackElo "2426"]
[Result "1-0"]
[Round "4"]
[TimeControl "180+2"]
[Date "2023.06.13"]
[WhiteClock "0:01:09"]
[BlackClock "0:00:06"]
[Board "114"]

1. b3 Nf6 2. Bb2 g6 3. g3 Bg7 4. Bg2 O-O 5. Nf3 d5 6. O-O c5 7. e3 Nc6 8. c4 b6 9. d4 cxd4 10. Nxd4 Nxd4 11. Bxd4 Bb7 12. Nc3 e6 13. cxd5 Nxd5 14. Bxg7 Kxg7 15. Nxd5 Bxd5 16. Bxd5 Qxd5 17. Qxd5 exd5 18. Rfd1 Rfd8 19. Rd4 Rac8 20. Rad1 Rc2 21. a4 Rb2 22. R1d3 Rc8 23. h4 Rc1+ 24. Kg2 Rcb1 25. Rf4 Rxb3 26. Rxd5 f5 27. Rd7+ Kh6 28. Rxa7 R1b2 29. g4 fxg4 30. Rff7 g5 31. Rf6+ Kh5 32. Rxh7# 1-0


[Site "https://www.chess.com"]

[Event "Titled Tuesday Blitz June 13 Late 2023"]
[White "Bouget, Alexandre"]
[Black "Jeet, Jain"]
[WhiteFideId "681318"]
[BlackFideId "5073022"]
[WhiteElo "2189"]
[BlackElo "2067"]
[Result "0-1"]
[Round "4"]
[TimeControl "180+2"]
[Date "2023.06.13"]
[WhiteClock "0:00:00"]
[BlackClock "0:01:10"]
[Board "115"]

1. d4 d6 2. c4 Nf6 3. Nc3 g6 4. e4 Bg7 5. Be2 O-O 6. g4 c5 7. g5 Nfd7 8. d5 a6 9. h4 b5 10. h5 Ne5 11. hxg6 fxg6 12. f4 Nxc4 13. Bxc4 bxc4 14. Qe2 Nd7 15. Qh2 Kf7 16. Nf3 Qa5 17. Bd2 Rb8 18. e5 Ke8 19. Qxh7 Rf7 20. e6 Nf8 21. exf7+ Kxf7 22. Qh4 Rxb2 23. Rc1 Bf5 24. Nd1 Rxd2 25. Nxd2 c3 26. Nb3 Qxa2 27. Nxc3 Qxb3 28. Qg3 Bd4 29. Ne2 Qxd5 30. Rf1 Bg7 31. Qe3 Nd7 32. Ng3 Bd4 33. Qd2 Qe6+ 34. Ne2 Be3 35. Qc3 Bxc1 36. Qxc1 Bg4 37. Qd2 a5 38. Kf2 a4 39. Nc3 Nb6 40. Re1 Qc4 41. Qa2 Qxa2+ 42. Nxa2 Nd5 43. Rd1 Be6 44. Rc1 Nxf4 45. Nc3 Nd3+ 0-1


[Site "https://www.chess.com"]

[Event "Titled Tuesday Blitz June 13 Late 2023"]
[White "Vlassov, Nikolai"]
[Black "Fernandez, Maria Florencia"]
[WhiteFideId "4103360"]
[BlackFideId "116459"]
[WhiteElo "2324"]
[BlackElo "2074"]
[Result "1-0"]
[Round "4"]
[TimeControl "180+2"]
[Date "2023.06.13"]
[WhiteClock "0:00:12"]
[BlackClock "0:00:03"]
[Board "116"]

1. e4 c5 2. c3 d5 3. exd5 Qxd5 4. d4 Nf6 5. Nf3 cxd4 6. cxd4 Nc6 7. Nc3 Qd8 8. d5 Nb8 9. Qb3 g6 10. Bf4 Bg7 11. Bb5+ Nbd7 12. O-O O-O 13. Rfe1 a6 14. Bf1 Nc5 15. Qa3 b6 16. Rad1 Bg4 17. b4 Nb7 18. Ne5 Bxd1 19. Nc6 Qd7 20. Rxe7 Qf5 21. g3 Bf3 22. Rxb7 Nxd5 23. Nxd5 Bxd5 24. Ne7+ Kh8 25. Nxf5 Bxb7 26. Nxg7 Kxg7 27. Qc3+ f6 28. Bc4 Rac8 29. Qb3 b5 30. Be2 Rfe8 31. Be3 Rxe3 32. Qxe3 Rc7 33. f4 Rd7 34. Kf2 Kf7 35. Qb6 Re7 36. Bf3 Bxf3 37. Kxf3 f5 38. Qxa6 Rc7 39. Qxb5 Rc3+ 40. Kg2 Rc2+ 41. Kh3 Kg7 42. Qb7+ Kh6 43. Qe7 Rxa2 44. Qf8+ Kh5 45. Qf6 Kh6 46. b5 Ra3 47. Qf8+ Kh5 48. Qxa3 h6 49. Qd6 g5 50. Qe7 g4+ 51. Kg2 Kg6 52. Qe6+ Kh5 53. Qxf5# 1-0


[Site "https://www.chess.com"]

[Event "Titled Tuesday Blitz June 13 Late 2023"]
[White "Silva, Caio Henrique Angelico"]
[Black "Kubatko, Ivan"]
[WhiteFideId "22777210"]
[BlackFideId "24111473"]
[WhiteElo "2096"]
[BlackElo "2285"]
[Result "1-0"]
[Round "4"]
[TimeControl "180+2"]
[Date "2023.06.13"]
[WhiteClock "0:00:54"]
[BlackClock "0:00:00"]
[Board "117"]

1. Nf3 d5 2. g3 c5 3. Bg2 Nc6 4. d4 Nf6 5. O-O e6 6. c4 Be7 7. Nc3 O-O 8. cxd5 exd5 9. Bg5 c4 10. b3 Qa5 11. Rc1 Ba3 12. Bxf6 gxf6 13. bxc4 Bxc1 14. Qxc1 dxc4 15. Ne4 Bf5 16. Nxf6+ Kg7 17. Qg5+ Bg6 18. Nh5+ Kg8 19. d5 Rad8 20. Nf6+ Kg7 21. h4 h6 22. Nh5+ Kh7 23. Nf6+ Kg7 24. Qf4 Rxd5 25. Nxd5 Qxd5 26. Nd2 Qe5 27. Qxc4 Rd8 28. Nf3 Qf6 29. e3 b6 30. Nh2 Na5 31. Qc7 Rd2 32. Ng4 Qb2 33. Ne5 Rc2 34. Qe7 Qxa2 35. Nxg6 Kxg6 36. Be4+ Kg7 37. Qe5+ Kf8 38. Bxc2 Qxc2 39. Qh8+ Ke7 40. Qxh6 Qc5 41. Qf4 Nc6 42. Qc7+ Kf6 43. Rd1 Ne5 44. Qxa7 Nf3+ 45. Kg2 Qc6 46. Qa1+ Ke7 47. Qa3+ Kf6 48. e4 Ne5 49. Qe3 1-0


[Site "https://www.chess.com"]

[Event "Titled Tuesday Blitz June 13 Late 2023"]
[White "Goncalves, Davi Sulzbacher"]
[Black "Dobrowolski, Piotr"]
[WhiteFideId "2154510"]
[BlackFideId "1106236"]
[WhiteElo "2182"]
[BlackElo "2305"]
[Result "0-1"]
[Round "4"]
[TimeControl "180+2"]
[Date "2023.06.13"]
[WhiteClock "0:00:07"]
[BlackClock "0:00:52"]
[Board "118"]

1. e4 c5 2. f4 d5 3. d3 Nf6 4. e5 Nfd7 5. Nf3 Nc6 6. Be2 e6 7. O-O f6 8. Qe1 Qc7 9. Nc3 a6 10. f5 Ndxe5 11. Nxe5 Nxe5 12. Bf4 Bd6 13. Bh5+ g6 14. fxg6 hxg6 15. Bxg6+ Ke7 16. h3 Bd7 17. Qf2 Raf8 18. Rae1 Rhg8 19. Bh7 Rh8 20. Bh6 Rf7 21. Bg6 Rxh6 22. Bxf7 Kxf7 23. Qf4 Rg6 24. Kh1 Bc6 25. Qh4 Kg7 26. Re2 b5 27. Ref2 Qf7 28. Ne2 Rh6 29. Qg3+ Qg6 30. Qe3 d4 31. Qd2 Rxh3+ 32. Kg1 Ng4 33. gxh3 Ne3+ 34. Ng3 Qxg3+ 0-1


[Site "https://www.chess.com"]